 Dungeon Sprint DCSS version 0.31-a0-95-g6fa058ef04 (webtiles) character file.

Game seed: 6214427117177871552

268 sircluck the Protected (level 6, 0/56 HPs)
             Began as a Formicid Fighter on May 25, 2023.
             Slain by a slime creature (6 damage)
             ... in the Dungeon (Sprint I: "Red Sonja").
             The game lasted 00:01:06 (353 turns).

sircluck the Protected (Formicid Fighter)            Turns: 353, Time: 00:01:06

Health: 0/56       AC:  8    Str: 22    XL:     6   Next: 45%
Magic:  6/6        EV: 11    Int:  8    God:
Gold:   216        SH:  0    Dex: 13    Spells: 5/5 levels left

rFire   . . .        j - +0 giant club
rCold   . . .        (shield currently unavailable)
rNeg    . . .        b - +0 scale mail
rPois   .            (helmet unavailable)
rElec   .            (no cloak)
rCorr   .            (no gloves)
SInv    +            (no boots)
Will    .....        (no amulet) Stlth
                     (no ring)
HPRegen 0.29/turn    (no ring)
MPRegen 0.10/turn

%: no passive effects
@: no status effects
A: permanent stasis, dig shafts and tunnels, antennae 3, four strong arms
a: Dig


You were in the Dungeon.
You visited 1 branch You collected 216 gold pieces.

Inventory:

Hand Weapons
 a - a +0 flail
 j - a +0 giant club (weapon)
Armour
 b - a +0 scale mail (worn)
 c - a +0 buckler
Wands
 i - a wand of polymorph (5)
Scrolls
 h - a scroll of blinking
Potions
 d - a potion of might
 e - a potion of curing
 f - a potion of heal wounds
 g - 2 potions of magic


   Skills:
 + Level 7.9 Fighting
 + Level 5.1 Maces & Flails
 + Level 8.1 Armour
 + Level 2.4 Dodging
 + Level 8.0 Shields
 + Level 2.2 Unarmed Combat


You had 5 spell levels left.
You didn't know any spells.
Your spell library was empty.

Dungeon Overview and Level Annotations

Branches:
Dungeon (1/1)

Altars:
Makhleb
Xom
Jiyva
Lugonu


Innate Abilities, Weirdness & Mutations

You cannot be hasted, slowed, berserked, paralysed or teleported.
You can dig through walls and to a lower floor.
You have a pair of large antennae on your head. (SInv)
Your four strong arms can wield two-handed weapons with a shield.


Message History

You open the door.
Found 108 gold pieces.
There is an open door here.
You now have 135 gold pieces (gained 27).
You now have 162 gold pieces (gained 27).
You now have 189 gold pieces (gained 27).
You now have 216 gold pieces (gained 27).
You open the door.
A slime creature comes into view.
Found four altars.
The slime creature closely misses you.
There is an open door here.
You barely miss the slime creature.
The slime creature closely misses you. x2
You sock the slime creature!
The slime creature is moderately wounded.
The slime creature hits you.
You hit the slime creature.
The slime creature is moderately wounded.
The slime creature hits you but does no damage.
The slime creature hits you!
You barely miss the slime creature.
The slime creature is moderately wounded.
The slime creature hits you!
You sock the slime creature!
The slime creature is moderately wounded.
The slime creature closely misses you.
You bludgeon the slime creature!!
The slime creature is almost dead.
The slime creature hits you!
* * * LOW HITPOINT WARNING * * *
You thump the slime creature!
The slime creature is almost dead.
The slime creature jiggles.
The slime creature hits you!
* * * LOW HITPOINT WARNING * * *
The slime creature closely misses you.
You barely miss the slime creature.
The slime creature is almost dead.
The slime creature hits you.
You die...

###################
#<.#..'..#..'..#__#
#..').#..').#..@J.+
#..#####'#####+#__#
#..# #..# ### #..#
#### { #..# #⌠⌠# {
{ #.## { #..# ####


You could see a slime creature.

Vanquished Creatures
  Sigmund (D)
  An ogre (D)
  Ijyb (D)
3 creatures vanquished.

Notes
Turn   | Place    | Note
-------+----------+-------------------------------------------
     0 | D        | sircluck the Formicid Fighter began the quest for the Orb.
     0 | D        | Reached XP level 1. HP: 18/18 MP: 1/1
     1 | D        | Noticed Ijyb
    40 | D        | Killed Ijyb
    41 | D        | Reached skill level 5 in Shields
    41 | D        | Reached XP level 2. HP: 11/26 MP: 2/2
    41 | D        | Reached XP level 3. HP: 14/31 MP: 3/3
   106 | D        | Noticed an ogre
   110 | D        | Killed an ogre
   111 | D        | Reached skill level 1 in Dodging
   111 | D        | Reached skill level 1 in Unarmed Combat
   111 | D        | Reached XP level 4. HP: 19/41 MP: 4/4
   111 | D        | Reached XP level 5. HP: 22/47 MP: 5/5
   202 | D        | Noticed Sigmund
   216 | D        | Killed Sigmund
   217 | D        | Reached skill level 5 in Maces & Flails
   217 | D        | Reached XP level 6. HP: 23/56 MP: 6/6
   344 | D        | Found a burning altar of Makhleb.
   344 | D        | Found a viscous altar of Jiyva.
   344 | D        | Found a shimmering altar of Xom.
   344 | D        | Found a corrupted altar of Lugonu.
   344 | D        | Noticed a slime creature
   353 | D        | Slain by a slime creature

Illustrated notes

Levels and vault maps discovered:
D:        dungeon_sprint_1 [red_sonja_temple_1, red_sonja_temple_small_1]

Skill      XL: |  1  2  3  4  5 |
---------------+----------------+-----
Fighting       | 4 6 7 |  7.9
Armour         | 4 6 8 |  8.1
Shields        | 5 6 8 |  8.0
Maces & Flails | 3 5 |  5.1
Dodging        | 1 2 |  2.4
Unarmed Combat | 1 2 |  2.2

Action                     |  1- 3 |  4- 6 || total
---------------------------+-------+-------++-------
  Melee: Unarmed           |    27 |       ||    27
         Flail             |    14 |    13 ||    27
         Giant club        |       |     8 ||     8
Ability: Dig               |     1 |       ||     1
 Armour: Skin              |     6 |       ||     6
         Scale mail        |     4 |     2 ||     6
  Dodge: Dodged            |    19 |    10 ||    29
  Block: Buckler           |     2 |     1 ||     3

Table legend: (Time is in decaauts)
 A = Elapsed time spent in this place.
 B = Non-inter-level travel time spent in this place.
 C = Inter-level travel time spent in this place.
 D = Time resting spent in this place.
 E = Time spent auto-exploring this place.
 F = Levels seen in this place.
 G = Mean time per level.
                   A        B        C        D        E       F      G
               +--------+--------+--------+--------+--------+-----+--------+
         Total |    362 |    362 |      0 |    215 |      0 |   1 |  362.0 |
       Dungeon |    362 |    362 |      0 |    215 |      0 |   1 |  362.0 |
               +--------+--------+--------+--------+--------+-----+--------+

Top non-repeatable levels by time:
       D: 362 daAuts
